 Dungeon Crawl Stone Soup version 0.22.1-1-ga44c0e56f4 (webtiles) character file.

735 Riddle the Vexing (level 8, -3/54 HPs)
             Began as a Formicid Arcane Marksman on Oct 27, 2018.
             Slain by Pikel
             ... wielding a +1 whip of flaming
              (9 damage)
             ... on level 4 of the Dungeon.
             The game lasted 00:19:38 (9054 turns).

Riddle the Vexing (Formicid Arcane Marksman)        Turns: 9054, Time: 00:19:38

Health: -3/54      AC:  3    Str: 15    XL:     8   Next: 4%
Magic:  0/14       EV: 13    Int: 13    God:
Gold:   251        SH:  0    Dex: 13    Spells: 8/15 levels left

rFire    . . .     SeeInvis +   a - +0 hand crossbow
rCold    . . .     Gourm    .   (no shield)
rNeg     . . .     Faith    .   e - +0 robe
rPois    .         Spirit   +   (helmet unavailable)
rElec    .         Reflect  .   p - scarf {Spirit}
rCorr    .         Harm     .   (no gloves)
MR       .....                  j - +0 pair of boots
Stlth    ++........             (no amulet)
HPRegen  0.18/turn              (no ring)
MPRegen  0.14/turn              (no ring)

@: liquefying, very slightly contaminated, slowed movement, very slow
A: permanent stasis, dig shafts and tunnels, four strong arms, antennae 3
a: Dig, Shaft Self


You were on level 4 of the Dungeon.
You were near starving.

You visited 1 branch of the dungeon, and saw 4 of its levels.

You collected 251 gold pieces.

Inventory:

Hand Weapons
 a - a +0 hand crossbow (weapon)
 t - a +0 falchion
 x - a +1 dagger of venom
Missiles
 d - 10 bolts (quivered)
Armour
 e - a +0 robe (worn)
 j - a +0 pair of boots (worn)
 p - a scarf of spirit shield (worn)
Scrolls
 b - a scroll of immolation {unknown}
 g - 7 scrolls of identify {unknown}
 h - a scroll of fog {unknown}
 k - a scroll of remove curse {unknown}
 m - a scroll of noise {unknown}
 n - a scroll of magic mapping {unknown}
 o - 3 scrolls of teleportation {unknown}
 q - 2 scrolls of blinking {unknown}
Potions
 c - a potion of invisibility {unknown}
 i - 3 potions of curing
 l - a potion of brilliance {unknown}
 r - 2 potions of flight {unknown}
 s - a potion of mutation {unknown}
 u - a potion of berserk rage {unknown}
 w - 3 potions of heal wounds {unknown}
Comestibles
 f - 7 rations


   Skills:
 - Level 1.1 Fighting
 + Level 4.0 Crossbows
 - Level 3.1 Dodging
 - Level 2.5 Stealth
 * Level 4.1 Spellcasting
 + Level 4.8 Hexes
 + Level 4.7 Earth Magic


You had 8 spell levels left.
You knew the following spells:

 Your Spells              Type           Power        Failure   Level  Hunger
a - Corona                Hex            ###....      2%          1    None
b - Slow                  Hex            ###.....     4%          2    ##.....
c - Leda's Liquefaction   Hex/Erth       ###.......   28%         4    ####...

Your spell library contained the following spells:

 Spells                   Type           Power        Failure   Level  Hunger
 Inner Flame              Hex/Fire       #.......     22%         3    ###....
 Portal Projectile        Hex/Tloc       #.....       22%         3    ###....
 Cause Fear               Hex            ###.......   26%         4    ####...


Dungeon Overview and Level Annotations

Branches:
Dungeon (4/15)
 Temple: D:4-7

Altars:
Elyvilon
Makhleb
Nemelex Xobeh
Okawaru
Ru
Wu Jian
Zin
The Shining One

Shops:
D:4 =

Annotations:
D:3 2 transporters, Ijyb
D:4 1 exclusion, Blork the orc, Pikel


Innate Abilities, Weirdness & Mutations

You cannot be hasted, slowed, berserked, paralysed or teleported.
You can dig through walls and to a lower floor.
Your four strong arms can wield two-handed weapons with a shield.
You have a pair of large antennae on your head. (SInv)


Message History

Pikel hits you with a whip of flaming!
* * * LOW HITPOINT WARNING * * *
Pikel burns you.
* * * LOW HITPOINT WARNING * * *
Firing (i - inventory)
d - 12 bolts (quivered)
Press: ? - help, Shift-Dir - straight line, f/p - Pikel
Aim: Pikel, wielding a whip of flaming and wearing a robe (severely wounded, You shoot a bolt.
The bolt hits Pikel!
Pikel is almost dead.
Pikel hits you with a whip of flaming.
* * * LOW HITPOINT WARNING * * *
Pikel burns you.
* * * LOW HITPOINT WARNING * * *
Firing (i - inventory)
d - 11 bolts (quivered)
Press: ? - help, Shift-Dir - straight line, f/p - Pikel
Aim: Pikel, wielding a whip of flaming and wearing a robe (almost dead)
You shoot a bolt. The bolt closely misses Pikel.
The bolt hits the slave!
The slave is severely wounded.
Pikel hits you with a whip of flaming!
You die...

#.##......##...##.#
#.####....##..###.#
#.................#
######.#####..#####
#.#####..# #........#
########.# ########
###.#..##### #......#
#@##)#)#>..## #.####.#
##K###.)....###### #....#.#
##p##.(..........
#.###..#######p#......##....
#.# #...(.....#p)S.(.###....
#.###..######.{.(.(.## #..#.
#......# ###..(### #..##
###.#### ##(## #..## #.# #(#
#....


You could see Pikel and 3 slaves.

Vanquished Creatures
  Grinder (D:4)
  3 orc wizards
  A bullfrog skeleton (D:4)
  2 hounds (D:4)
  An orc priest (D:3)
  A centaur skeleton (D:4)
  4 worker ants (D:4)
  Robin (D:4)
  10 adders
  2 oozes
  3 worms
  2 dart slugs
  5 orcs
  5 giant cockroaches
  16 goblins
  11 hobgoblins
  8 jackals (D:2)
  2 quokkas
  A ball python (D:1)
  11 bats
  5 frilled lizards
  3 kobolds
  3 rats (D:2)
101 creatures vanquished.

Notes
Turn   | Place    | Note
-------+----------+-------------------------------------------
     0 | D:1      | Riddle the Formicid Arcane Marksman began the quest for the
                  | Orb.
     0 | D:1      | Reached XP level 1. HP: 15/15 MP: 2/2
   764 | D:1      | Reached XP level 2. HP: 4/21 MP: 4/4
  1495 | D:1      | Reached XP level 3. HP: 25/26 MP: 5/5
  2776 | D:2      | Reached XP level 4. HP: 26/32 MP: 5/7
  2821 | D:2      | Learned a level 2 spell: Slow
  2826 | D:2      | Learned a level 4 spell: Leda's Liquefaction
  2928 | D:2      | Found a white marble altar of Elyvilon.
  2928 | D:2      | Found a glowing silver altar of Zin.
  2929 | D:2      | Found a glowing golden altar of the Shining One.
  3603 | D:2      | Reached skill level 1 in Earth Magic
  4065 | D:2      | Found an ornate altar of the Wu Jian Council.
  4411 | D:3      | Reached skill level 1 in Stealth
  4411 | D:3      | Reached XP level 5. HP: 25/37 MP: 5/8
  4569 | D:3      | Found a burning altar of Makhleb.
  4570 | D:3      | Noticed a hungry ghost
  4572 | D:3      | Found a transporter.
  4572 | D:3      | Noticed a bullfrog
  4601 | D:2      | Found an iron altar of Okawaru.
  5401 | D:3      | Noticed Ijyb
  5439 | D:3      | Reached XP level 6. HP: 29/43 MP: 9/9
  5634 | D:3      | Found a sacrificial altar of Ru.
  5828 | D:3      | Found a transporter.
  6132 | D:4      | Found a sparkling altar of Nemelex Xobeh.
  6142 | D:4      | Noticed Grinder
  6443 | D:4      | Noticed Robin
  6628 | D:4      | Killed Robin
  6919 | D:4      | Noticed a slave
  6919 | D:4      | Noticed a slave
  6930 | D:4      | Noticed Blork the orc
  7325 | D:4      | Reached XP level 7. HP: 28/48 MP: 7/11
  7474 | D:4      | Found Noal's Jewellery Shoppe.
  8757 | D:4      | Killed Grinder
  8757 | D:4      | Reached XP level 8. HP: 23/54 MP: 6/14
  9031 | D:4      | Noticed Pikel
  9054 | D:4      | Slain by Pikel

Skill      XL: |  1  2  3  4  5  6  7 |
---------------+----------------------+-----
Dodging        | 2 3 |  3.1
Hexes          | 4 |  4.8
Spellcasting   | 2 4 |  4.1
Earth Magic    | 1 2 3 4 |  4.7
Stealth        | 1 2 |  2.5
Crossbows      | 3 4 |  4.0
Fighting       | |  1.1

Action                   |  1- 3 |  4- 6 |  7- 9 || total
-------------------------+-------+-------+-------++-------
Melee: Club              |    26 |       |       ||    26
       Dagger            |   138 |   256 |    60 ||   454
       Falchion          |       |    94 |    20 ||   114
 Fire: Hand crossbow     |    13 |    40 |    27 ||    80
 Cast: Slow              |       |     3 |       ||     3
       Leda's Liquefacti |       |       |     1 ||     1
 Abil: Dig               |     1 |     8 |     3 ||    12
 Stab: Sleeping          |     1 |     2 |     1 ||     4
  Eat: Chunk             |     5 |    14 |     5 ||    24
       Ration            |       |     1 |       ||     1
Armor: Robe              |    41 |   107 |    12 ||   160
Dodge: Dodged            |   123 |   299 |    56 ||   478
       Rpst.: Falchion   |       |    22 |    11 ||    33
